 Dungeon Crawl Stone Soup version 0.23.0 (webtiles) character file.

Game seed: 14507963358433286544

322 Kairos the Chopper (level 6, -1/32 HPs)
             Began as a Vine Stalker Fighter on Feb 10, 2019.
             Was an Initiate of Okawaru.
             Slain by Grinder (6 damage)
             ... while paralysed by Grinder
             ... on level 3 of the Dungeon.
             The game lasted 00:03:43 (2612 turns).

Kairos the Chopper (Vine Stalker Fighter)           Turns: 2612, Time: 00:03:44

Health: -1/32      AC:  8    Str: 20    XL:     6   Next: 47%
Magic:  0/7        EV:  2    Int:  8    God:    Okawaru [......]
Gold:   66         SH:  0    Dex: 14    Spells: 5/5 levels left

rFire    . . .     SeeInvis .   a - +0 war axe
rCold    . . .     Gourm    .   c - +0 shield
rNeg     . . .     Faith    .   b - +0 scale mail
rPois    .         Spirit   +   l - +0 helmet
rElec    .         Reflect  .   (no cloak)
rCorr    .         Harm     .   (no gloves)
MR       .....                  (no boots)
Stlth    ..........             (no amulet)
HPRegen  0.50/turn              (no ring)
MPRegen  0.10/turn              (no ring)

@: paralysed
A: fangs 2, regeneration 1, magic shield, antimagic bite, no potion heal 3, rot
immunity
a: Renounce Religion


You were on level 3 of the Dungeon.
You worshipped Okawaru.
Okawaru was noncommittal.
You were hungry.

You visited 1 branch of the dungeon, and saw 3 of its levels.

You collected 66 gold pieces.

Inventory:

Hand Weapons
 a - a +0 war axe (weapon)
Armour
 b - a +0 scale mail (worn)
 c - a +0 shield (worn)
 l - a +0 helmet (worn)
Jewellery
 n - an uncursed ring of fire
 p - an uncursed ring of ice
Wands
 q - a wand of digging (6)
Scrolls
 j - a scroll of amnesia {unknown}
 k - 4 scrolls of teleportation
 m - a scroll of enchant armour {unknown}
 o - a scroll of identify {unknown}
 s - a scroll of fear {unknown}
Potions
 d - a potion of might
 e - 3 potions of haste {unknown}
 g - 3 potions of heal wounds {unknown}
 i - 2 potions of degeneration {unknown}
 r - a potion of curing {unknown}
 t - a potion of brilliance {unknown}
Comestibles
 f - 5 rations


   Skills:
 + Level 3.3 Fighting
 + Level 4.4 Axes
 + Level 3.4 Armour
 + Level 0.4 Dodging
 + Level 0.8 Stealth
 + Level 3.3 Shields


You had 5 spell levels left.
You didn't know any spells.
Your spell library was empty.

Dungeon Overview and Level Annotations

Branches:
Dungeon (3/15)

Altars:
Dithmenos
Nemelex Xobeh
Okawaru
Vehumet
Wu Jian

Annotations:
D:3 Grinder


Innate Abilities, Weirdness & Mutations

You have extremely sharp teeth.
Your natural rate of healing is unusually fast.
When hurt, damage is shared between your health and your magic reserves.
Your bite disrupts and absorbs the magic of your enemies.
Potions cannot restore your health.
You are immune to rotting.


Message History

You drain her magic.
You feel invigorated.
Grinder is moderately wounded.
Grinder hits you.
You writhe in agony.
Unknown command.
You barely miss Grinder.
Grinder is moderately wounded.
Grinder gestures at you.
You suddenly lose the ability to move!
Grinder hits you. Grinder hits you!
You writhe in agony.
Grinder hits you but does no damage. Grinder hits you.
You writhe in agony.
* * * LOW HITPOINT WARNING * * *
Grinder hits you.
* * * LOW HITPOINT WARNING * * *
You writhe in agony.
* * * LOW HITPOINT WARNING * * *
Grinder says, "You look like you could use a good racking."
Grinder hits you!
You die...

.......# #........##(.#####
...##'## #+##........##.......
...##.# ..#........##.(.....
....#.# .'........'..(.....
....#.# #........#.)......
....#.# #....(...#........
....#'## #........#.#.....>
.......# #........#.#......
.......#########@†......#+#......
...............5......)..........
....#...........########.........
....#........... #######.........
....#........... ......$.....####
#####........... ..........#..#
#####........... ........"##..#
................ ########.###.#
############### #.# .#


You could see Grinder.

Vanquished Creatures
  Sigmund (D:3)
  Jessica (D:2)
  Terence (D:3)
  An adder (D:2)
  2 worms
  3 dart slugs
  2 leopard geckos (D:3)
  2 orcs (D:3)
  3 ball pythons
  2 giant cockroaches
  5 goblins
  11 hobgoblins
  8 jackals
  11 kobolds
  A quokka (D:2)
  11 bats
  8 frilled lizards
  3 rats
76 creatures vanquished.

Vanquished Creatures (others)
  A bat (D:2)
  A rat (D:2)
2 creatures vanquished.

Grand Total: 78 creatures vanquished

Notes
Turn   | Place    | Note
-------+----------+-------------------------------------------
     0 | D:1      | Kairos the Vine Stalker Fighter began the quest for the
                  | Orb.
     0 | D:1      | Reached XP level 1. HP: 11/11 MP: 2/2
    64 | D:1      | Reached XP level 2. HP: 13/16 MP: 3/3
   430 | D:1      | Reached skill level 2 in Axes
   528 | D:1      | Reached XP level 3. HP: 19/19 MP: 4/4
   904 | D:2      | Found a radiant altar of Vehumet.
   950 | D:2      | Found an iron altar of Okawaru.
   962 | D:2      | Became a worshipper of Warmaster Okawaru
  1396 | D:2      | Gained mutation: Your natural rate of healing is unusually
                  | fast. [Vine Stalker growth]
  1396 | D:2      | Reached XP level 4. HP: 23/23 MP: 5/5
  1559 | D:2      | Noticed Jessica
  1565 | D:2      | Killed Jessica
  1565 | D:2      | Reached skill level 3 in Axes
  2057 | D:3      | Found a shadowy altar of Dithmenos.
  2114 | D:3      | Found a sparkling altar of Nemelex Xobeh.
  2114 | D:3      | Found an ornate altar of the Wu Jian Council.
  2197 | D:3      | Noticed Sigmund
  2208 | D:3      | Killed Sigmund
  2208 | D:3      | Reached skill level 4 in Axes
  2208 | D:3      | Reached XP level 5. HP: 11/28 MP: 2/6
  2208 | D:3      | Reached XP level 6. HP: 13/32 MP: 2/7
  2302 | D:3      | Noticed Terence
  2325 | D:3      | Killed Terence
  2596 | D:3      | Noticed Grinder
  2606 | D:3      | Paralysed by Grinder for 7 turns
  2612 | D:3      | Slain by Grinder

Skill      XL: |  1  2  3  4 |
---------------+-------------+-----
Axes           | 2 4 |  4.4
Shields        | 3 |  3.3
Fighting       | 3 |  3.3
Armour         | 3 |  3.4
Dodging        | |  0.4
Stealth        | |  0.8

Action                   |  1- 3 |  4- 6 || total
-------------------------+-------+-------++-------
Melee: War axe           |   104 |    91 ||   195
       Bite              |    22 |    33 ||    55
  Use: Scroll            |       |     2 ||     2
  Eat: Chunk             |     2 |     3 ||     5
Armor: Scale mail        |    54 |    41 ||    95
Dodge: Dodged            |    34 |    25 ||    59
Block: Shield            |    46 |    46 ||    92
